Cogmind - Beta 15 @@@ ROGUE MODE // 2025.07.10 @ 13:42:18 // Halloween2019/Abominations Player: Minty Result: Destroyed by Lesser Abomination with Enhanced Autogun Performance ------------- Evolutions (2) 1000 Regions Visited (3) 600 Robots Destroyed (14) 70 Value Destroyed (723) 723 Prototype IDs (4) 80 Alien Tech Used (0) 0 Bonus (0) 0 TOTAL SCORE: 2473 Bonus ------- None Cogmind --------- Core Integrity 0/550 Matter 281/300 Energy 80/100 System Corruption 5% Temperature Cool (0) Movement Treading (160) Location -8/Materials Parts ------- > --- POWER (1) -------- (None) > --- PROPULSION (2) --- Light Treads Light Treads > --- UTILITY (5) ------ Large Storage Unit Medium Armor Plating > --- WEAPON (3) ------- (None) > --- INVENTORY (15) --- Wheel Wheel Wheel Wheel Wheel Wheel Advanced EMP Blaster Datajack Peak State ------------ > --- POWER ------------ Light Ion Engine > --- PROPULSION ------- Wheel Wheel > --- UTILITY ---------- Large Storage Unit Terrain Scanner Medium Armor Plating Medium Armor Plating Hardened Light Armor Plating > --- WEAPON ----------- Small Laser Beam Rifle Pulse Rifle > --- INVENTORY -------- Light Treads Light Treads Light Treads Light Treads Light Treads Wheel Wheel Wheel Wheel Wheel Medium Armor Plating Advanced EMP Blaster [Rating: 18] Favorites ----------- Power Ion Engine Engine Ion Engine Propulsion Light Treads Treads Light Treads Leg Aluminum Leg Wheel Wheel Utility Large Storage Unit Device Terrain Scanner Storage Large Storage Unit Protection Medium Armor Plating Weapon Small Laser Energy Gun Small Laser Ballistic Gun Assault Rifle Launcher Advanced EMP Blaster Build | -11 -10 -9 -8 ------- Run | Yrd Mat Mat Mat Slots Evolved 4 | . . 2 2 Power . | . . . . Propulsion . | . . . . Utility 3 | . . 1 2 Weapon 1 | . . 1 . Parts Attached 24 | . 5 11 8 Power 2 | . . 1 1 Engine 2 | . . 1 1 Core . | . . . . Reactor . | . . . . Propulsion 8 | . 2 3 3 Treads 5 | . 2 1 2 Leg . | . . . . Wheel 3 | . . 2 1 Hover . | . . . . Flight . | . . . . Utility 10 | . 3 4 3 Device 2 | . 1 1 . Storage 2 | . 2 . . Processor . | . . . . Hackware . | . . . . Protection 6 | . . 3 3 Artifact . | . . . . Weapon 4 | . . 3 1 Energy Gun 3 | . . 2 1 Energy Cannon . | . . . . Ballistic Gun . | . . . . Ballistic Cannon . | . . . . Launcher 1 | . . 1 . Special Weapon . | . . . . Impact Weapon . | . . . . Slashing Weapon . | . . . . Piercing Weapon . | . . . . Special Melee Weapon . | . . . . Unidentified Prototypes . | . . . . Corrupted Parts 2 | . . 2 . System Corruption 6 | . . 6 . Parts Lost 16 | . 1 7 8 Power 3 | . . 2 1 Propulsion 6 | . 1 1 4 Utility 3 | . . 2 1 Weapon 4 | . . 2 2 Highest Loss Streak 6 | . 1 2 6 To Critical Strikes . | . . . . Average Backups 9 | 6 4 10 12 Power . | 1 1 . . Propulsion 5 | 4 2 5 9 Utility 2 | . . 3 1 Weapon . | 1 . . 1 Tool/Special . | . . . . Unused Backups 15 | . 6 2 7 Power 2 | . 1 1 . Propulsion 6 | . 1 . 5 Utility 1 | . 1 . . Weapon 5 | . 3 1 1 Tool/Special 1 | . . . 1 Average Slot Usage (%) 76 | . 83 78 65 Engine 7 | . 14 4 6 Treads 11 | . 17 10 5 Leg 1 | . 7 . . Wheel 7 | . . 11 8 Device 3 | . 1 3 6 Storage 11 | . 14 11 9 Protection 11 | . . 14 16 Energy Gun 17 | . 14 20 13 Ballistic Gun 4 | . 14 1 . Peak Build Rating 18 | 6 7 16 18 Average Rating 9 | 6 5 10 12 On Entrance 7 | 6 6 7 11 Naked Turns . | . . . . Heaviest Build 50 | 13 29 46 50 Greatest Support 40 | 20 40 40 40 Greatest Overweight (x) 4 | . 1 2 4 Average Overweight (x) 1 | . . . 2 Largest Inventory Capacity 15 | 8 15 15 15 Average Capacity 14 | 8 12 15 15 Most Carried 15 | 6 8 15 15 Average Carried 9 | 6 4 10 12 Final Capacity 15 | 8 15 15 15 Final Carried 15 | 6 4 15 8 Class Distribution -------------------- 79% | Mutant 12% | Scavenger-Mutant 7% | Tank Dominant Class ---------------- Mutant | -10/Materials Mutant | -9/Materials Scavenger-Mutant | -8/Materials Resources | -11 -10 -9 -8 ----------- Run | Yrd Mat Mat Mat Matter Collected 584 | 200 93 183 108 Remotely . | . . . . Salvage Created 601 | . 89 315 197 Parts 48 | . 6 36 6 Haulers Intercepted . | . . . . Recyclers Shooed . | . . . . Parts Field Recycled . | . . . . Retrieved Matter . | . . . . Parts Self-Destructed . | . . . . Prevented . | . . . . Kills | -11 -10 -9 -8 ------- Run | Yrd Mat Mat Mat Combat Hostiles Destroyed 13 | . 2 7 4 Melee 1 | . . . 1 Guns 11 | . 2 6 3 AOE 1 | . . 1 . Classes Destroyed 3 | . 3 . . Worker 1 | . 1 . . Grunt 3 | . 1 2 . Abomination 10 | . 1 5 4 Best Kill Streak 2 | . 2 2 2 Combat Bots Only 2 | . 1 2 2 Max Kills in Single Turn 2 | . 2 1 1 Gunslinging . | . . . . Exploded 1 | . . 1 . Melee 1 | . . . 1 Uniques/NPCs Destroyed . | . . . . Combat | -11 -10 -9 -8 -------- Run | Yrd Mat Mat Mat Hostile Shots Fired 261 | . 28 173 60 Missed 73 | . 6 53 14 Hits 188 | . 22 120 46 Melee 37 | . 6 9 22 Projectile 151 | . 16 111 24 AOE 2 | . . 2 . Critical Strikes 11 | . . 7 4 Damage Taken 4195 | . 398 2371 1426 Core 944 | . 73 320 551 Absorbed by Shields . | . . . . Core Remaining (%) 63 | 100 70 20 . Volleys Fired 61 | . 16 31 14 Largest 3 | . 2 3 2 Hottest 161 | . 60 161 119 Shots Fired 124 | . 30 67 27 Gun 121 | . 30 65 26 Cannon . | . . . . Launcher 3 | . . 2 1 Special . | . . . . Kinetic 17 | . 16 1 . Thermal 104 | . 14 64 26 Explosive . | . . . . Electromagnetic 3 | . . 2 1 Robot Hit Streak 12 | . 6 12 5 Robot Miss Streak 5 | . 2 5 1 Penetration Max . | . . . . Secondary Targets . | . . . . Shots Hit Robots 81 | . 17 45 19 Core Hits 30 | . 6 15 9 Critical Kills . | . . . . Critical Parts Destroyed . | . . . . Critical Strikes 1 | . . 1 . Burn 1 | . . 1 . Melee Attacks . | . . . . Impact . | . . . . Slashing . | . . . . Piercing . | . . . . Sneak Attacks . | . . . . Combat Hostiles . | . . . . Follow-up Attacks . | . . . . Damage Inflicted 1373 | . 217 774 382 Guns 1234 | . 217 670 347 Cannons . | . . . . Explosions 106 | . . 102 4 Melee . | . . . . Ramming 33 | . . 2 31 Kinetic 113 | . 99 14 . Thermal 1121 | . 118 656 347 Explosive . | . . . . Electromagnetic 106 | . . 102 4 Impact . | . . . . Slashing . | . . . . Piercing . | . . . . Highest Corruption 21 | . . 21 5 Average Corruption 12 | . . 14 4 Corruption Purged . | . . . . Corruption Blocked . | . . . . Effects 25 | . . 22 3 Message Errors 5 | . . 5 . Matter Fused 5 | . . 5 . Heat Flow Errors 1 | . . . 1 Energy Discharges 5 | . . 4 1 Parts Fused 1 | . . 1 . Data Loss (minor) 3 | . . 2 1 Data Loss (major) 1 | . . 1 . Misfires 1 | . . 1 . Alerts 1 | . . 1 . Misdirections 1 | . . 1 . Weapon Failures 1 | . . 1 . Overload Shots . | . . . . Overflow Damage . | . . . . Projectiles . | . . . . Explosions . | . . . . Melee . | . . . . Knockbacks 1 | . . . 1 Impact 1 | . . . 1 Kinetic . | . . . . Secondary . | . . . . Self-Inflicted Damage 27 | . . 1 26 Shots 1 | . . . 1 Rammed 18 | . . 1 17 Targets Rammed 18 | . . 1 17 Kicked . | . . . . Crushed . | . . . . Highest Temperature 631 | . 42 422 631 Average Temperature 176 | . 21 144 292 Received Heat Transfer 821 | . 54 650 117 Effects 23 | . . 7 16 Shutdowns 3 | . . . 3 Energy Bleed 2 | . . . 2 Interference 12 | . . 6 6 Matter Decay 1 | . . . 1 Damage (minor) 2 | . . 1 1 Damage (major) 1 | . . . 1 Damage (core) 2 | . . . 2 Siege Activations . | . . . . Martial Activations . | . . . . Shielding Activations . | . . . . Robots Disrupted . | . . . . Combat Hostiles . | . . . . Robots Corrupted . | . . . . Combat Hostiles . | . . . . Parts Fried . | . . . . Impact Corruptions . | . . . . Robots Melted . | . . . . Combat Hostiles . | . . . . Parts Melted . | . . . . Heat Transferred 973 | . 212 599 162 Parts Sabotaged . | . . . . Parts Stolen . | . . . . Parts Stripped . | . . . . Power Chain Reactions . | . . . . Alert | -11 -10 -9 -8 ------- Run | Yrd Mat Mat Mat Maximum Alert Level . | . . . . Low Security (%) 100 | 100 100 100 100 Level 1 . | . . . . Level 2 . | . . . . Level 3 . | . . . . Level 4 . | . . . . Level 5 . | . . . . High Security . | . . . . Max Security . | . . . . Peak Influence 35 | . 35 30 . Initial 5 | . . 5 . Average 3 | . 5 4 . Influence Increases 118 | . 40 78 . Destroy 0b10 Robot/C 60 | . 20 40 . Destroy 0b10 Robot/NC 5 | . 5 . . Destroy Leader 20 | . 10 10 . Successful Hack 32 | . 4 28 . Destroy Structure 1 | . 1 . . Influence Decreases 118 | . 25 93 . Entered New Map 10 | . . 10 . Time Decay 108 | . 25 83 . Squads Dispatched 15 | . 2 10 3 Investigation 7 | . 1 5 1 Extermination . | . . . . Reinforcement 4 | . 1 2 1 Assault 3 | . . 3 . Garrison 1 | . . . 1 Intercept . | . . . . Searches Triggered . | . . . . Construction Impeded . | . . . . Haulers Reinforced . | . . . . Active Scanning Responses . | . . . . Cargo Convoy Interrupts . | . . . . Stealth | -11 -10 -9 -8 --------- Run | Yrd Mat Mat Mat Distress Signals 18 | . . 7 11 Communications Jammed . | . . . . Distress Signals . | . . . . Times Spotted 37 | . 4 27 6 Peak Tracking Total 9 | . 2 9 4 Tactical Retreats 3 | . . 3 . Traps | -11 -10 -9 -8 ------- Run | Yrd Mat Mat Mat Traps Triggered 2 | . . . 2 Indirectly . | . . . . Trap Hack Attempts . | . . . . Triggered . | . . . . Disarmed . | . . . . Reprogrammed . | . . . . Reused . | . . . . Traps Extracted . | . . . . Installed . | . . . . Triggered . | . . . . Machines | -11 -10 -9 -8 ---------- Run | Yrd Mat Mat Mat Machines Disabled . | . . . . Max in Single Turn . | . . . . Machines Repaired . | . . . . Machines Dismantled . | . . . . Machines Sabotaged . | . . . . Overloaded Fab Kills . | . . . . Hacking | -11 -10 -9 -8 --------- Run | Yrd Mat Mat Mat Machines Accessed 5 | . 2 3 . Terminals 5 | . 2 3 . Fabricators . | . . . . Repair Stations . | . . . . Recycling Units . | . . . . Scanalyzers . | . . . . Garrison Access . | . . . . Total Hacks 21 | . 6 15 . Successful 9 | . 2 7 . Failed 12 | . 4 8 . Catastrophic 3 | . 1 2 . Database Lockouts . | . . . . Manual 9 | . 1 8 . Terminals 21 | . 6 15 . Fabricators . | . . . . Repair Stations . | . . . . Recycling Units . | . . . . Scanalyzers . | . . . . Garrison Access . | . . . . Terminal Hacks 9 | . 2 7 . Robot Analysis 1 | . . 1 . Prototype ID Bank 2 | . . 2 . Alert Level 1 | . . 1 . Locate Traps 2 | . 2 . . Dispatch Records 1 | . . 1 . Security Status 1 | . . 1 . Registered Prototypes 1 | . . 1 . Fabricator Hacks . | . . . . Repair Station Hacks . | . . . . Recycling Unit Hacks . | . . . . Scanalyzer . | . . . . Garrison Access Hacks . | . . . . Unauthorized Hacks . | . . . . Terminals . | . . . . Fabricators . | . . . . Repair Stations . | . . . . Recycling Units . | . . . . Scanalyzers . | . . . . Garrison Access . | . . . . Data Cores Recovered . | . . . . Used . | . . . . Hacking Detections 5 | . 2 3 . Full Trace Events 4 | . 1 3 . Feedback Events . | . . . . Feedback Blocked . | . . . . Robot Schematics Acquired . | . . . . Robots Built . | . . . . Authchips . | . . . . Time . | . . . . Total Robot Build Rating . | . . . . Part Schematics Acquired . | . . . . Parts Built . | . . . . Authchips . | . . . . Time . | . . . . Total Part Build Rating . | . . . . Parts Repaired . | . . . . Time . | . . . . Parts Recycled . | . . . . Recycled Matter . | . . . . Retrieved Matter . | . . . . Retrieved Components . | . . . . Parts Scanalyzed . | . . . . Part Schematics Acquired . | . . . . Parts Damaged . | . . . . Bothacking | -11 -10 -9 -8 ------------ Run | Yrd Mat Mat Mat Used RIF Installer . | . . . . Robots Hacked . | . . . . Non-combat . | . . . . Combat . | . . . . Robot Hacks Applied . | . . . . Relay Couplers Released . | . . . . Fabnet Peak Effective % . | . . . . Robots Rewired . | . . . . Allies Hacked . | . . . . Hacks Repelled . | . . . . Allies | -11 -10 -9 -8 -------- Run | Yrd Mat Mat Mat Total Allies . | . . . . Largest Group . | . . . . Highest-Rated Group . | . . . . Highest-Rated Ally . | . . . . Total Orders . | . . . . Ally Attacks . | . . . . Total Damage . | . . . . Kills . | . . . . Allies Corrupted . | . . . . Allies Melted . | . . . . Intel | -11 -10 -9 -8 ------- Run | Yrd Mat Mat Mat Active Infowar (turns) 161 | . . 24 137 Terrain 161 | . . 24 137 Robot Analysis Total 1 | . . 1 . Derelict Logs Recovered . | . . . . Drone Launches . | . . . . Drone Recoveries . | . . . . Exploration | -11 -10 -9 -8 ------------- Run | Yrd Mat Mat Mat Turns Passed 915 | 2 223 487 203 Spaces Moved 463 | 2 99 287 75 Core . | . . . . Treads 149 | . 58 85 6 Legs 43 | 2 41 . . Wheels 271 | . . 202 69 Hover . | . . . . Flight . | . . . . Fastest Speed 95 | 120 120 95 110 Average Speed 129 | 120 162 117 127 Slowest Speed 240 | 120 190 240 240 Overloaded Moves . | . . . . Propulsion Burnouts . | . . . . Robots Hopped . | . . . . Potential Cave-ins . | . . . . Cave-ins Triggered 1 | . . 1 . Exploration Rate (%) 22 | 2 28 45 14 Regions Visited 3 Branch Regions . Pre-discovered Areas . | . . . . Known Exits Taken . | . . . . Unknown Exits Taken 3 | 1 1 1 . Scrap Searched . | . . . . Spaces Dug . | . . . . Terrain Destroyed . | . . . . Melee . | . . . . Projectile . | . . . . AOE . | . . . . Terrain Rammed . | . . . . Walls Destroyed . | . . . . Machines Disabled . | . . . . Actions | -11 -10 -9 -8 --------- Run | Yrd Mat Mat Mat Total 619 | 1 127 351 140 Wait 13 | . . . 13 Move 460 | 1 98 286 75 Hop . | . . . . Pick Up 19 | . 3 15 1 Fast Attach 9 | . 1 6 2 Attach 20 | . 3 6 11 Detach 6 | . 1 2 3 Swap 7 | . 1 4 2 Drop 6 | . 4 . 2 Fire 61 | . 16 31 14 Melee . | . . . . Ram 1 | . . 1 . Kick . | . . . . Crush 17 | . . . 17 Escape Stasis . | . . . . Rewire . | . . . . Trap . | . . . . Miscellaneous . | . . . . Route ------- -11/Scrapyard -10/Materials -9/Materials -8/Materials History --------- Turn | Location | Event 1 | -11/Scrapyard | Discovered new exit (range 1) 3 | -11/Scrapyard | Entered Materials 141 | -10/Materials | Discovered new exit (range 8) 226 | -10/Materials | Entered another Materials area 226 | -9/Materials | Evolved 2 slots: Utility x1, Weapon x1 316 | -9/Materials | Build established: Mutant 344 | -9/Materials | Discovered new exit (range 15) 471 | -9/Materials | Crushed by falling debris 471 | -9/Materials | System corruption reached 10% 636 | -9/Materials | Core integrity fell below 50% 637 | -9/Materials | Discovered new exit (range 11) 701 | -9/Materials | Discovered new exit (range 10) 713 | -9/Materials | Entered another Materials area 713 | -8/Materials | Evolved 2 slots: Utility x2 793 | -8/Materials | Garrison activated, responded to threat 848 | -8/Materials | Core integrity fell below 50% 865 | -8/Materials | Core integrity fell below 20% 902 | -8/Materials | Lost 6 parts (1p2n1u2w) 916 | -8/Materials | Destroyed by Lesser Abomination with Enhanced Autogun Last Messages --------------- 00873_ Acquired 16 matter. 00881_ System corrupted: Component data lost. 00888_ Slammed into Lesser Abomination. 00893_ 22 Matter blinks away. 00893_ Slammed into Lesser Abomination. 00895_ 48 Matter blinks away. 00895_ 35 Matter blinks away. 00895_ Slammed into Lesser Abomination. 00902_ Lesser Abomination forced to warp away. 00902_ 38 Matter blinks away. 00903_ Acquired 37 matter. 00905_ Unstable Anomaly suddenly flashes brightly. 00905_ Engulfed by violent ripples tearing at the fabric of space. 00908_ Lgt. Treads destroyed. 00911_ Unstable Anomaly suddenly flashes brightly. 00913_ Engulfed by violent ripples tearing at the fabric of space. 00913_ Slammed into Sundering Anomaly. 00915_ Hit by a wave of energy. 00915_ Med. Armor Plating ripped off. 00916_ Acquired Med. Armor Plating. Map ----- +----------------------------------------------------+ | ?????????????????????????????????????????????????? | | ?????????????????????????????????????????????????? | | ?????????????????????????????????????????????????? | | ?????????????????????????????????????????????????? | | ?????????????????????????????????????????????????? | | ?????????????????????????????????????????????????? | | ?????????????????????????????????????????????????? | | ?????????????????????????????????????????????????? | | ?????????????????????????????????????????????????? | | ?????????????????????????????????????????????????? | | ?????????????????????????????????????????????????? | | ?????????????????????????????????????????????????? | | ?????????????????? # ##??????????????????????????? | | ???????????????? ;;;#?????????????????????????? | | ???????????????;;;;;; #?????;??????????????????? | | ???????????????? nnn ;#??? ??????????????????? | | ?????????????????;;;;% ;#??? ;??????????????????? | | ?????????????????? ;; ;;#?? ;%?????????????????? | | ??????????????????? ; ; #?? ; ;????????????????? | | ??????????? ??????##;; ;;###;;; ;" ? ???????????? | | ??????????????????#; "" ???????????? | | ??????????????????#; " "??????????? | | ???????????????????# ; ??????????? | | ???????????????????# """ ; "??????????? | | ???????????????????# % !""" ; ""?????????? | | ??????????????#????#;;; @""" ; ""?????????? | | ???????????????????## ; ????????? | | ???????????????###### ;#??????????????? | | ???????????????# A """ ;#??????????????? | | ???????????????# """ ; % ???????????? | | ???????????????# % "" ; ?????????? | | ???????????????# # ; """??????????? | | ???????????????# ; ""???????????? | | ???????????#???# % # %""" ; ""???????????? | | ???????????????#/###/## """ % ; ??????????? | | ???????????????# ??# """ "####???????????? | | ???????????????#???# % " ????????????? | | ???????????#???????# ^ %" ????????????? | | ??????????????#????# """ " ???????????? | | ????????????######## """ " ????????????? | | ????????????# ## """ " ????????????? | | ????????????# ## " ????????????? | | ????????????# """ # "##?????????????? | | ????????????# """ + % """ # ?????????????? | | ???????? ???# """ # """ #???????????????? | | ????????????# # """ #???? ??????????? | | ????????????# # # ??????????????? | | ????????????####### +???????????????? | | ???? ????#??????#?# #???"???????????? | | ??????????????????#####"" #???????????????? | +----------------------------------------------------+ Best States ------------- Heat Dissipation 38 Energy Generation 10 Energy Capacity 250 Matter Stores 300 Matter Capacity 300 Sight Range 16 Terrain Scan Range 14 Terrain Scan Density 10 Armor Coverage 675 Evasion (%) 55 Recoil Reduction 2 Item Schematics ----------------- None Robot Schematics ------------------ None Fabricated ------------ Nothing Repaired ---------- Nothing Alien Tech Used ----------------- None Achievements -------------- None Challenges ------------ None Game ------ Seed GodAblativeKinecellerator Manual? 0 Play Time 00:11:13 Cumulative 1146.5 hours Start 2025.07.10 @ 13:32:55 End 2025.07.10 @ 13:42:18 Sessions 1 Manual Loads 0 Difficulty Rogue Special Mode Halloween2019/Abominations Game No. 1410 Rogue 1126 Adventurer 124 Explorer 160 Win Type - Total 52 Types 38/0/8/4/1/0/0/1/0/0 Lore% 92 Gallery% 88 Achievement% 81 Wizard Run 0 Options --------- Layout 0 ASCII 0 Keyboard 1 Movement Numpad Keybinds 0 Fullscreen 2 Font 18/X11 Map View 76x50 Zoom Use 0% Tactical HUD 1 Map Filters NONE Filters NONE Steam 1 RUN: e5f5c9b8-cc83-4fc3-acc6-12b514fddba9